 Dungeon Crawl Stone Soup version 0.25-a0-1133-g93ebf739aa (webtiles) character file.

Game seed: 18445004841988142577, levelgen mode: deterministic

11809 gruber the Thaumaturge (level 11, -3/54 HPs)
             Began as a Deep Elf Fire Elementalist on May 21, 2020.
             Was a High Priest of Vehumet.
             Slain by a death yak (30 damage)
             ... on level 10 of the Dungeon.
             The game lasted 00:19:57 (14969 turns).

gruber the Thaumaturge (DEFE)                      Turns: 14969, Time: 00:19:58

Health: -3/54      AC:  8    Str:  5    XL:     11   Next: 54%
Magic:  8/31       EV: 13    Int: 24    God:    Vehumet [*****.]
Gold:   437        SH:  0    Dex: 15    Spells: 25/39 levels left

rFire    . . .     SeeInvis +   n - +5 short sword (freeze)
rCold    . . .     Gourm    .   (no shield)
rNeg     . . .     Faith    .   a - +0 robe
rPois    .         Spirit   .   h - +0 helmet
rElec    .         Reflect  .   m - +0 cloak
rCorr    .         Harm     .   o - +2 pair of gloves
MR       +....                  t - +0 pair of boots
Stlth    ++........             (no amulet)
HPRegen  0.18/turn              (no ring)
MPRegen  0.22/turn              p - ring of see invisible

@: no status effects
A: no striking features
a: Renounce Religion


You were on level 10 of the Dungeon.
You worshipped Vehumet.
Vehumet was extremely pleased with you.
You were hungry.

You visited 2 branches of the dungeon, and saw 12 of its levels.

You collected 629 gold pieces.
You spent 192 gold pieces at shops.

Inventory:

Hand Weapons
 n - a +5 short sword of freezing (weapon)
Armour
 a - a +0 robe (worn)
 h - a +0 helmet (worn)
 m - a +0 cloak (worn)
 o - a +2 pair of gloves (worn)
 t - a +0 pair of boots (worn)
Jewellery
 p - a ring of see invisible (right hand)
 w - an uncursed amulet of guardian spirit {unknown}
Wands
 b - a wand of disintegration (8)
 l - a wand of clouds (4)
 v - a wand of digging (4)
 z - a wand of iceblast (7)
 A - a wand of flame (11)
Scrolls
 d - 4 scrolls of immolation
 e - a scroll of random uselessness {unknown}
 f - 9 scrolls of amnesia
 g - 2 scrolls of blinking
 j - 15 scrolls of identify
 r - 3 scrolls of teleportation
 y - a scroll of enchant armour
 B - 2 scrolls of remove curse
 G - a scroll of magic mapping
Potions
 i - a potion of might
 k - 2 potions of brilliance
 q - a potion of lignification {unknown}
 s - a potion of magic {unknown}
 u - a potion of cancellation {unknown}
 x - a potion of invisibility {unknown}
 C - 2 potions of heal wounds
 D - a potion of stabbing {unknown}
 E - a potion of curing {unknown}
Comestibles
 c - 8 rations


   Skills:
 - Level 2.4 Dodging
 - Level 2.4 Stealth
 + Level 14.6 Spellcasting
 + Level 11.0 Conjurations
 + Level 11.6 Fire Magic


You had 25 spell levels left.
You knew the following spells:

 Your Spells              Type           Power        Failure   Level  Hunger
a - Foxfire               Conj/Fire      ####         1%          1    None
b - Conjure Flame         Conj/Fire      ######..     1%          3    None
c - Sticky Flame          Conj/Fire      ######..     1%          4    None
d - Freeze                Ice            ###.         1%          1    None
e - Fireball              Conj/Fire      ######....   1%          5    ##.....

Your spell library contained the following spells:

 Spells                   Type           Power        Failure   Level  Hunger
 Hailstorm                Conj/Ice       #####...     1%          4    None
 Inner Flame              Hex/Fire       #####...     1%          3    None


Dungeon Overview and Level Annotations

Branches:
Dungeon (11/15)            Temple (1/1) D:4             Orc (0/2) D:11
   Lair: D:8-11

Altars:
Ashenzari
Cheibriados
Dithmenos
Elyvilon
Fedhas
Gozag
Hepliaklqana
Kikubaaqudgha
Makhleb
Nemelex Xobeh
Okawaru
Qazlal
Ru
Sif Muna
Trog
Uskayaw
Vehumet
Wu Jian
Xom
Yredelemnul
Zin
The Shining One

Shops:
D:5 *


Message History

Aiming: Fireball (dangerous; 1% risk of failure)
Press: ? - help, Shift-Dir - straight line, f/p - death yak
Aim: a death yak (heavily wounded) That beam is likely to hit you.
Continue anyway?
Okay, then.
The death yak gores you!!
You climb upwards.
There is a stone staircase leading down here.
Unknown command.
Unknown command.
Unknown command.
Unknown command.
Unknown command.
Unknown command.
Unknown command.
Unknown command.
The death yak gores you! The death yak gores you!!
Ouch! That really hurt!
You die...

##.###......###......
#...........##...##..
#........##......##..
###........##......##..
#..................#...
##............<....(...
#.....................
#..#..#.........>.....
####.@..............<.
#..Y#....).........
##>##..............
#.##..............
####..........##..
##..##.......##..
#...###..#....#..
####.....#.####.###.
#...........##### ##


You could see a death yak.

Vanquished Creatures
  A hydra (D:11)
  2 two-headed ogres
  A cyclops (D:11)
  A centaur zombie (D:10)
  Psyche (D:8)
  A komodo dragon (D:11)
  4 hippogriffs
  A meliai zombie (D:10)
  2 wraiths (D:10)
  A spriggan (D:10)
  A wyvern (D:10)
  9 yaks
  A hungry ghost (D:11)
  Menkaure (D:4)
  An acid dragon (D:11)
  8 orc warriors
  3 sky beasts
  2 ice beasts
  6 ogres
  A necrophage (D:11)
  3 phantoms
  4 centaurs
  A crocodile (D:9)
  Blork the orc (D:4)
  A big kobold (D:8)
  6 bullfrogs
  3 scorpions
  4 killer bees (D:9)
  8 wights
  3 crimson imps
  5 jellies
  5 hounds
  2 centaur skeletons
  6 orc priests
  Crazy Yiuf (D:2)
  12 orc wizards
  4 iguanas
  A hell rat (D:11)
  7 worker ants
  A killer bee zombie (D:5)
  3 hound skeletons
  Robin (D:4)
  A howler monkey zombie (D:6)
  6 gnolls
  A river rat (D:11)
  13 adders
  6 shadow imps
  3 oozes
  An adder zombie (D:5)
  2 adder skeletons
  2 worms
  4 dart slugs
  5 leopard geckos
  56 orcs
  A ball python (D:2)
  5 giant cockroaches
  22 goblins
  11 hobgoblins
  12 jackals
  8 kobolds
  5 quokkas
  8 bats
  2 frilled lizards
  A leopard gecko skeleton (D:7)
  A quokka skeleton (D:5)
  4 rats
310 creatures vanquished.

Vanquished Creatures (collateral kills)
  2 kobolds
  A frilled lizard (D:2)
  2 rats
5 creatures vanquished.

Vanquished Creatures (others)
  An orc warrior (D:6)
  An orc wizard (D:6)
  1463 foxfires
1465 creatures vanquished.

Grand Total: 1780 creatures vanquished

Notes
Turn   | Place    | Note
-------+----------+-------------------------------------------
     0 | D:1      | gruber the Deep Elf Fire Elementalist began the quest for
                  | the Orb.
     0 | D:1      | Reached XP level 1. HP: 10/10 MP: 6/6
   357 | D:1      | Reached XP level 2. HP: 15/15 MP: 1/8
  1026 | D:2      | Reached XP level 3. HP: 19/19 MP: 0/10
  1472 | D:2      | Reached skill level 4 in Spellcasting
  1662 | D:2      | Reached XP level 4. HP: 20/24 MP: 7/12
  1847 | D:2      | Found a runed translucent door.
  1848 | D:2      | Noticed Crazy Yiuf
  2337 | D:2      | Killed Crazy Yiuf
  2509 | D:3      | Found a faded altar of an unknown god.
  3120 | D:3      | Learned a level 3 spell: Conjure Flame
  3125 | D:3      | Learned a level 4 spell: Sticky Flame
  3266 | D:3      | Reached XP level 5. HP: 28/28 MP: 11/14
  3471 | D:4      | Found a staircase to the Ecumenical Temple.
  3485 | D:4      | Reached skill level 5 in Spellcasting
  3489 | D:4      | Noticed Blork the orc
  3490 | D:4      | Noticed a phantom
  3494 | D:4      | Killed Blork the orc
  3494 | D:4      | Reached skill level 5 in Fire Magic
  3499 | D:4      | Killed a phantom
  3499 | D:4      | Reached XP level 6. HP: 20/32 MP: 0/16
  3787 | D:4      | Noticed Robin
  3797 | D:4      | Killed Robin
  4047 | D:4      | Reached skill level 6 in Spellcasting
  4475 | D:4      | Reached XP level 7. HP: 36/36 MP: 12/18
  5245 | D:4      | Noticed Menkaure
  5263 | D:4      | Killed Menkaure
  5263 | D:4      | Reached skill level 7 in Spellcasting
  5498 | D:5      | Entered Level 5 of the Dungeon
  5521 | Temple   | Entered the Ecumenical Temple
  5682 | Temple   | Became a worshipper of Vehumet
  5793 | D:5      | Reached skill level 5 in Conjurations
  6041 | D:5      | Reached skill level 8 in Spellcasting
  6336 | D:5      | Reached XP level 8. HP: 41/41 MP: 17/22
  6571 | D:5      | Reached * piety under Vehumet
  6571 | D:5      | Offered knowledge of Freeze by Vehumet.
  6797 | D:5      | Found Tavukhing's Assorted Antiques.
  6810 | D:5      | Learned a level 1 spell: Freeze
  6810 | D:5      | Bought a scroll labeled KAJ YHIGYELYE for 32 gold pieces
  6810 | D:5      | Bought a scroll labeled BEISICZUPRU for 32 gold pieces
  6810 | D:5      | Bought a scroll of identify for 64 gold pieces
  6810 | D:5      | Bought a scroll of identify for 64 gold pieces
  7511 | D:6      | Reached skill level 9 in Spellcasting
  7668 | D:6      | Noticed a hippogriff
  7683 | D:6      | Killed a hippogriff
  8015 | D:6      | Reached XP level 9. HP: 45/45 MP: 20/24
  8314 | D:6      | HP: 1/45 [poisoned by an orc warrior (poison gas)]
  8317 | D:6      | Reached skill level 10 in Spellcasting
  9148 | D:7      | Offered knowledge of Shock by Vehumet.
  9221 | D:7      | Reached ** piety under Vehumet
 10175 | D:8      | Noticed Psyche
 10189 | D:8      | Killed Psyche
 10189 | D:8      | Reached skill level 11 in Spellcasting
 10587 | D:8      | Noticed a two-headed ogre
 10595 | D:8      | Killed a two-headed ogre
 10595 | D:8      | Reached skill level 12 in Spellcasting
 10595 | D:8      | Reached XP level 10. HP: 50/50 MP: 14/28
 10700 | D:8      | Offered knowledge of Dazzling Flash by Vehumet.
 11614 | D:9      | Reached *** piety under Vehumet
 11625 | D:9      | Reached skill level 10 in Fire Magic
 11859 | D:9      | Found an opulent altar of Gozag.
 11902 | D:9      | Offered knowledge of Fulminant Prism by Vehumet.
 12558 | D:10     | Entered Level 10 of the Dungeon
 12613 | D:10     | Reached skill level 13 in Spellcasting
 12919 | D:10     | Reached **** piety under Vehumet
 12966 | D:10     | Reached skill level 10 in Conjurations
 13102 | D:9      | Learned a level 5 spell: Fireball
 13117 | D:10     | Offered knowledge of Static Discharge by Vehumet.
 13294 | D:10     | Reached XP level 11. HP: 43/54 MP: 11/30
 14324 | D:11     | Reached skill level 14 in Spellcasting
 14583 | D:11     | Found a staircase to the Orcish Mines.
 14675 | D:11     | Noticed a six-headed hydra
 14679 | D:11     | Killed a six-headed hydra
 14715 | D:11     | Noticed a brown ugly thing
 14812 | D:11     | Noticed a two-headed ogre
 14814 | D:11     | Reached ***** piety under Vehumet
 14817 | D:11     | Killed a two-headed ogre
 14817 | D:11     | Offered knowledge of Hailstorm by Vehumet.
 14958 | D:11     | Noticed a death yak
 14965 | D:11     | Noticed a death yak
 14966 | D:11     | Noticed a death yak
 14969 | D:10     | Slain by a death yak

Illustrated notes

Levels and vault maps discovered:
D:1:      scummos_arrival_simple_crosswalls, layout_basic
D:2:      minmay_diamond_boxcup, layout_basic, minmay_misc_feat_pillars,
          uniq_crazy_yiuf_cottage
D:3:      layout_basic, chequers_ecumenical_altar_grove, first_ration,
          corexii_corridor_pit
D:4:      kennysheep_goblin_castle, layout_loops_ring,
          minmay_temple_entry_sparse_star, uniq_menkaure, uniq_blork_the_orc
D:5:      layout_rooms, serial_shops, nicolae_shop_statue_plus,
          serial_bayou_crossing
D:6:      layout_rooms
D:7:      layout_layer_cave
D:8:      layout_loops_cross, hangedman_decor_peaks_small, uniq_psyche
D:9:      layout_rooms, nicolae_gozag_seed_capital
D:10:     layout_cave_pools, grunt_pizzeria
D:11:     layout_rooms, dpeg_lair_monsters, orc_0_dummy
Temple:   minmay_crystal_snake_temple

Skill      XL: |  1  2  3  4  5  6  7  8  9 10 11 |
---------------+----------------------------------+-----
Fire Magic     | 4 5 6 7 9 10 11 | 11.6
Conjurations   | 2 3 4 5 7 8 10 11 | 11.0
Spellcasting   | 4 5 6 8 9 12 13 14 | 14.6
Dodging        | |  2.4
Stealth        | |  2.4

Action                   |  1- 3 |  4- 6 |  7- 9 | 10-12 || total
-------------------------+-------+-------+-------+-------++-------
Melee: Flail             |       |       |     4 |       ||     4
       Short sword       |       |       |       |     9 ||     9
 Cast: Foxfire           |    96 |   190 |   475 |   360 ||  1121
       Sticky Flame      |       |       |    14 |    33 ||    47
       Conjure Flame     |       |       |     2 |       ||     2
       Freeze            |       |       |     4 |     5 ||     9
       Fireball          |       |       |       |    27 ||    27
  Use: Scroll            |       |     8 |     5 |     1 ||    14
       Potion            |       |       |     3 |       ||     3
  Eat: Chunk             |     2 |     8 |    13 |    10 ||    33
       Ration            |       |       |     2 |     1 ||     3
Armor: Robe              |       |     4 |    23 |    19 ||    46
Dodge: Dodged            |     8 |    24 |    49 |    72 ||   153

Table legend:
 A = Non-vault XP
 B = Vault XP
 C = Vault XP percentage of total XP
 D = Non-vault monster count
 E = Vault monster count
 F = Vault count percentage of total count
                 A         B        C        D         E       F
            +---------+---------+-------+---------+---------+-------
      Total |   15792 |    1078 |   6.4 |     278 |      38 |  12.0
            +---------+---------+-------+---------+---------+-------
        D:1 |      24 |       0 |   0.0 |      15 |       0 |   0.0
        D:2 |      78 |      54 |  40.9 |      22 |       8 |  26.7
        D:3 |      53 |       0 |   0.0 |      18 |       0 |   0.0
        D:4 |     446 |     323 |  42.0 |      23 |      23 |  50.0
        D:5 |     676 |       0 |   0.0 |      29 |       0 |   0.0
        D:6 |    1303 |       0 |   0.0 |      27 |       0 |   0.0
        D:7 |     484 |       0 |   0.0 |      20 |       0 |   0.0
        D:8 |    3194 |     434 |  12.0 |      36 |       1 |   2.7
        D:9 |    1669 |       0 |   0.0 |      27 |       0 |   0.0
       D:10 |    4035 |     215 |   5.1 |      37 |       1 |   2.6
       D:11 |    3830 |      52 |   1.3 |      24 |       5 |  17.2
            +---------+---------+-------+---------+---------+-------
